General information
- name: BNet
- type: Ladder team game (AT/RT)
- host: Battle.net
- saver: MrFrosty
map: PhantomGrove
- players: 4
- length: 59:42
- speed: Fast
- version: 1.23 W3XP
- replay type: Public
» download(365 KB)
Players
team 1 (winner)
kunt.roII (
yellow | 115 APM | 6889 actions | 59:41)
8 Blademaster
3 Wind Walk
3 Critical Strike
2 Bladestorm
6 Shadow Hunter
2 Hex
3 Healing Wave
1 Big Bad Voodoo
6 Naga Sea Witch
2 Frost Arrows
3 Forked Lightning
1 Tornado
» actions
| Assign group hotkey | 128 | |
| Basic commands | 96 | |
| Build / train | 106 | |
| ESC pressed | 4 | |
| Enter build submenu | 34 | |
| Enter hero's abilities submenu | 22 | |
| Give item / drop item | 18 | |
| Right click | 3160 | |
| Select / deselect | 425 | |
| Select group hotkey | 2533 | |
| Use ability | 362 | |
6889 total
» units
» upgrades
| Liquid Fire | 1 | |
| Ranged Weapons | 2 | |
| Reinforced Defenses | 1 | |
4 total
» buildings
| Altar of Storms | 2 | |
| Orc Burrow | 8 | |
| Voodoo Lounge | 2 | |
| War Mill | 1 | |
| Watch Tower | 13 | |
| Stronghold | 2 | |
| Fortress | 1 | |
| Beastiary | 4 | |
| Great Hall | 1 | |
34 total
» build order
00:20 Altar of Storms
00:27 Orc Burrow
00:55 Voodoo Lounge
01:12 War Mill
01:42 Orc Burrow
02:25 Watch Tower
02:38 Watch Tower
03:35 Stronghold
03:53 Watch Tower
03:54 Watch Tower
05:05 Watch Tower
05:45 Watch Tower
06:03 Fortress
06:14 Beastiary
06:16 Beastiary
06:25 Voodoo Lounge
06:47 Orc Burrow
10:22 Watch Tower
11:09 Watch Tower
11:10 Watch Tower
11:24 Orc Burrow
11:45 Watch Tower
11:47 Watch Tower
12:38 Watch Tower
17:59 Watch Tower
33:00 Great Hall
33:05 Orc Burrow
33:05 Orc Burrow
33:05 Orc Burrow
33:06 Orc Burrow
35:50 Stronghold
38:39 Beastiary
38:45 Beastiary
43:23 Altar of Storms
» items
| Lesser Clarity Potion | 6 | |
| Healing Salve | 4 | |
| Scroll of Speed | 2 | |
| Boots of Speed | 3 | |
| Staff of Teleportation | 5 | |
| Dust of Appearance | 1 | |
| Circlet of Nobility | 2 | |
| Orb of Lightning | 2 | |
| Scroll of Town Portal | 1 | |
| Staff of Sanctuary | 2 | |
28 total
MrFrosty (
purple | 99 APM | 5926 actions | 59:42)
7 Archmage
3 Blizzard
3 Brilliance Aura
1 Mass Teleport
7 Mountain King
3 Storm Bolt
3 Bash
1 Avatar
7 Paladin
3 Holy Light
3 Divine Shield
1 Devotion Aura
» actions
| Assign group hotkey | 22 | |
| Basic commands | 70 | |
| Build / train | 177 | |
| ESC pressed | 3 | |
| Enter build submenu | 83 | |
| Enter hero's abilities submenu | 21 | |
| Give item / drop item | 9 | |
| Remove unit from queue | 4 | |
| Right click | 3075 | |
| Select / deselect | 1133 | |
| Select group hotkey | 847 | |
| Use ability | 479 | |
5926 total
» units
| Peasant | 42 | |
| Priest | 7 | |
| Sorceress | 1 | |
| Dragonhawk Rider | 1 | |
| Siege Engine | 3 | |
54 total
» upgrades
| Masonry | 3 | |
| Lumber Harvesting | 2 | |
| Magic Sentry | 1 | |
| Sorceress Training | 2 | |
| Priest Training | 2 | |
| Backpack | 1 | |
| Cloud | 1 | |
| Armor | 2 | |
| Animal War Training | 1 | |
15 total
» buildings
| Altar of Kings | 1 | |
| Farm | 9 | |
| Scout Tower | 91 | |
| Lumber Mill | 1 | |
| Arcane Tower | 11 | |
| Guard Tower | 43 | |
| Arcane Vault | 1 | |
| Town Hall | 3 | |
| Keep | 1 | |
| Arcane Sanctum | 1 | |
| Castle | 1 | |
| Gryphon Aviary | 1 | |
| Barracks | 1 | |
| Blacksmith | 1 | |
| Workshop | 3 | |
169 total
» build order
00:07 Altar of Kings
00:21 Farm
00:23 Scout Tower
00:45 Lumber Mill
00:51 Arcane Tower
01:31 Farm
01:53 Scout Tower
02:17 Scout Tower
02:22 Guard Tower
03:02 Scout Tower
03:47 Guard Tower
03:49 Farm
03:53 Scout Tower
04:22 Guard Tower
04:33 Scout Tower
05:03 Arcane Tower
05:11 Scout Tower
05:13 Scout Tower
05:20 Scout Tower
05:25 Scout Tower
05:31 Arcane Vault
05:34 Guard Tower
05:37 Scout Tower
05:49 Arcane Tower
05:52 Scout Tower
05:53 Guard Tower
05:58 Scout Tower
06:08 Guard Tower
06:22 Town Hall
06:24 Guard Tower
06:30 Arcane Tower
06:36 Scout Tower
06:45 Scout Tower
07:26 Keep
07:55 Guard Tower
08:21 Scout Tower
08:24 Scout Tower
08:30 Guard Tower
08:57 Guard Tower
08:58 Arcane Tower
09:01 Scout Tower
09:33 Scout Tower
09:36 Scout Tower
09:37 Scout Tower
09:55 Arcane Sanctum
10:27 Guard Tower
11:10 Guard Tower
12:38 Scout Tower
12:39 Scout Tower
12:51 Guard Tower
13:09 Scout Tower
13:36 Guard Tower
13:53 Guard Tower
13:59 Guard Tower
15:56 Castle
16:00 Scout Tower
17:16 Guard Tower
17:18 Scout Tower
18:55 Scout Tower
18:56 Scout Tower
18:57 Scout Tower
19:29 Guard Tower
19:47 Guard Tower
20:09 Scout Tower
20:12 Scout Tower
20:51 Guard Tower
20:54 Scout Tower
20:55 Scout Tower
22:12 Guard Tower
23:17 Scout Tower
23:18 Scout Tower
23:19 Scout Tower
23:20 Scout Tower
23:47 Guard Tower
23:48 Arcane Tower
23:50 Scout Tower
23:51 Scout Tower
23:52 Scout Tower
23:53 Scout Tower
24:13 Guard Tower
24:48 Scout Tower
24:49 Scout Tower
24:51 Scout Tower
24:51 Scout Tower
24:56 Guard Tower
24:58 Scout Tower
24:59 Scout Tower
25:00 Scout Tower
27:37 Arcane Tower
27:38 Guard Tower
27:41 Town Hall
27:55 Guard Tower
28:10 Scout Tower
28:16 Scout Tower
28:18 Scout Tower
28:19 Scout Tower
28:52 Arcane Tower
29:18 Scout Tower
29:18 Scout Tower
29:20 Scout Tower
29:21 Scout Tower
29:21 Scout Tower
29:22 Scout Tower
29:26 Guard Tower
29:30 Scout Tower
29:31 Scout Tower
29:31 Scout Tower
29:32 Scout Tower
29:36 Scout Tower
29:37 Scout Tower
29:39 Scout Tower
29:40 Scout Tower
30:20 Arcane Tower
30:21 Guard Tower
31:04 Guard Tower
31:26 Guard Tower
31:27 Arcane Tower
32:16 Guard Tower
32:43 Guard Tower
32:48 Scout Tower
32:49 Scout Tower
33:44 Guard Tower
35:22 Scout Tower
35:25 Scout Tower
35:25 Scout Tower
36:53 Scout Tower
37:41 Guard Tower
37:51 Guard Tower
37:56 Arcane Tower
38:35 Scout Tower
38:36 Scout Tower
39:08 Guard Tower
39:10 Scout Tower
39:38 Scout Tower
39:40 Scout Tower
39:54 Scout Tower
39:55 Scout Tower
40:04 Scout Tower
40:06 Scout Tower
40:36 Guard Tower
41:08 Scout Tower
41:09 Scout Tower
41:16 Guard Tower
41:41 Guard Tower
42:15 Town Hall
42:30 Farm
42:31 Farm
42:31 Farm
42:59 Scout Tower
43:00 Scout Tower
43:02 Scout Tower
43:28 Guard Tower
43:32 Scout Tower
43:33 Scout Tower
43:34 Scout Tower
43:34 Scout Tower
43:36 Guard Tower
44:01 Scout Tower
44:03 Guard Tower
46:31 Gryphon Aviary
46:58 Guard Tower
47:03 Barracks
47:04 Blacksmith
55:54 Workshop
55:55 Workshop
55:55 Workshop
57:00 Farm
57:01 Farm
57:01 Farm
» items
| Staff of Teleportation | 3 | |
| Boots of Speed | 3 | |
| Healing Salve | 3 | |
| Orb of Lightning | 3 | |
| Potion of Healing | 5 | |
| Scroll of Town Portal | 2 | |
| Periapt of Vitality | 1 | |
| Potion of Mana | 1 | |
| Staff of Sanctuary | 3 | |
24 total
team 2 (loser)
crO.cro (
orange | 89 APM | 4048 actions | 45:36)
6 Pandaren Brewmaster
3 Breath of Fire
2 Drunken Haze
1 Storm Earth and Fire
1 Dark Ranger
1 Silence
» actions
| Assign group hotkey | 48 | |
| Basic commands | 302 | |
| Build / train | 167 | |
| ESC pressed | 5 | |
| Enter build submenu | 65 | |
| Enter hero's abilities submenu | 7 | |
| Give item / drop item | 6 | |
| Right click | 1798 | |
| Select / deselect | 870 | |
| Select group hotkey | 440 | |
| Use ability | 340 | |
4048 total
» units
| Wisp | 87 | |
| Huntress | 4 | |
| Dryad | 5 | |
| Druid of the Claw | 7 | |
| Mountain Giant | 1 | |
| Chimaera | 14 | |
118 total
» upgrades
| Sentinel | 1 | |
| Ultravision | 1 | |
| Nature's Blessing | 1 | |
| Well Spring | 1 | |
| Druid of the Claw Training | 2 | |
| Strength of the Wild | 2 | |
| Corrosive Breath | 2 | |
| Reinforced Hides | 1 | |
11 total
» buildings
| Moon Well | 6 | |
| Altar of Elders | 1 | |
| Hunter's Hall | 1 | |
| Ancient of War | 1 | |
| Tree of Ages | 3 | |
| Ancient of Wonders | 1 | |
| Tree of Life | 7 | |
| Ancient Protector | 32 | |
| Ancient of Lore | 2 | |
| Tree of Eternity | 1 | |
| Ancient of Wind | 1 | |
| Chimaera Roost | 3 | |
59 total
» build order
00:42 Moon Well
01:37 Moon Well
01:39 Altar of Elders
01:44 Hunter's Hall
01:52 Ancient of War
02:31 Moon Well
04:06 Tree of Ages
04:06 Tree of Ages
05:05 Ancient of Wonders
05:42 Tree of Life
05:44 Ancient Protector
05:49 Tree of Life
05:52 Tree of Life
06:02 Ancient Protector
06:28 Ancient of Lore
06:30 Ancient of Lore
07:13 Moon Well
08:25 Ancient Protector
08:37 Ancient Protector
09:14 Tree of Life
09:26 Ancient Protector
10:10 Ancient Protector
10:17 Ancient Protector
10:39 Ancient Protector
10:39 Ancient Protector
10:59 Tree of Eternity
11:43 Ancient Protector
12:30 Tree of Life
12:54 Ancient Protector
13:02 Ancient Protector
13:03 Ancient Protector
13:07 Ancient Protector
13:16 Ancient Protector
13:19 Ancient Protector
14:09 Ancient Protector
15:44 Ancient Protector
15:45 Ancient Protector
15:54 Ancient Protector
16:11 Ancient Protector
16:14 Ancient Protector
16:39 Ancient Protector
18:02 Ancient Protector
18:03 Ancient Protector
18:04 Ancient Protector
18:52 Moon Well
18:53 Moon Well
20:53 Ancient Protector
22:52 Ancient Protector
22:53 Ancient Protector
22:55 Tree of Life
23:13 Tree of Life
23:14 Ancient Protector
23:15 Ancient Protector
23:17 Ancient Protector
26:14 Ancient of Wind
27:36 Chimaera Roost
27:37 Chimaera Roost
27:38 Chimaera Roost
» items
| Lesser Clarity Potion | 8 | |
| Potion of Healing | 2 | |
| Scroll of Town Portal | 6 | |
| Potion of Invisibility | 1 | |
| Potion of Lesser Invulnerability | 2 | |
| Potion of Mana | 1 | |
| Anti-magic Potion | 1 | |
| Staff of Preservation | 1 | |
22 total
j8- (
blue | 134 APM | 7969 actions | 59:40)
3 Blademaster
2 Wind Walk
1 Critical Strike
3 Shadow Hunter
2 Hex
1 Healing Wave
3 Tauren Chieftain
1 War Stomp
2 Endurance Aura
» actions
| Assign group hotkey | 64 | |
| Basic commands | 631 | |
| Build / train | 189 | |
| ESC pressed | 16 | |
| Enter build submenu | 95 | |
| Enter hero's abilities submenu | 9 | |
| Give item / drop item | 8 | |
| Right click | 2871 | |
| Select / deselect | 1191 | |
| Select group hotkey | 2285 | |
| Use ability | 610 | |
7969 total
» units
| Peon | 21 | |
| Grunt | 6 | |
| Troll Batrider | 31 | |
| Tauren | 9 | |
| Wind Rider | 18 | |
| Troll Witch Doctor | 7 | |
| Raider | 2 | |
94 total
» upgrades
| Ensnare | 1 | |
| Berserker Strength | 1 | |
| Reinforced Defenses | 1 | |
| Witch Doctor Training | 2 | |
| Liquid Fire | 1 | |
| Ranged Weapons | 3 | |
| Envenomed Spears | 1 | |
| Pulverize | 1 | |
| Armor | 2 | |
| Spiked Barricades | 1 | |
14 total
» buildings
| Altar of Storms | 1 | |
| Barracks | 1 | |
| Orc Burrow | 8 | |
| Voodoo Lounge | 2 | |
| Stronghold | 2 | |
| War Mill | 1 | |
| Watch Tower | 57 | |
| Beastiary | 4 | |
| Fortress | 1 | |
| Tauren Totem | 1 | |
| Spirit Lodge | 1 | |
| Great Hall | 1 | |
| Altar of Elders | 1 | |
| Moon Well | 3 | |
84 total
» build order
00:03 Altar of Storms
00:08 Barracks
00:15 Orc Burrow
00:58 Voodoo Lounge
01:53 Orc Burrow
04:34 Stronghold
04:34 Stronghold
05:16 Orc Burrow
06:12 War Mill
07:32 Watch Tower
07:33 Watch Tower
07:40 Watch Tower
07:54 Beastiary
07:55 Beastiary
08:43 Fortress
09:09 Watch Tower
09:12 Watch Tower
09:13 Watch Tower
10:19 Watch Tower
10:19 Watch Tower
11:28 Watch Tower
11:34 Watch Tower
11:35 Watch Tower
11:47 Orc Burrow
11:48 Orc Burrow
11:49 Orc Burrow
13:35 Tauren Totem
14:58 Watch Tower
15:49 Watch Tower
15:50 Watch Tower
16:27 Watch Tower
16:28 Watch Tower
17:19 Watch Tower
18:07 Watch Tower
18:12 Watch Tower
18:13 Watch Tower
18:13 Watch Tower
18:33 Watch Tower
18:34 Watch Tower
18:36 Watch Tower
18:48 Watch Tower
18:49 Watch Tower
19:06 Spirit Lodge
19:49 Voodoo Lounge
20:03 Watch Tower
20:04 Watch Tower
20:31 Watch Tower
21:01 Watch Tower
21:03 Watch Tower
21:04 Watch Tower
21:09 Watch Tower
21:10 Watch Tower
21:34 Watch Tower
21:35 Watch Tower
22:46 Great Hall
23:08 Beastiary
23:29 Beastiary
23:32 Orc Burrow
23:33 Orc Burrow
24:01 Watch Tower
24:02 Watch Tower
24:05 Watch Tower
25:03 Watch Tower
25:04 Watch Tower
25:21 Watch Tower
26:22 Watch Tower
26:25 Watch Tower
26:27 Watch Tower
27:29 Watch Tower
27:31 Watch Tower
28:30 Watch Tower
28:32 Watch Tower
28:34 Watch Tower
29:45 Watch Tower
37:18 Watch Tower
37:19 Watch Tower
47:36 Watch Tower
47:36 Watch Tower
47:37 Watch Tower
48:40 Watch Tower
50:55 Altar of Elders
50:57 Moon Well
50:58 Moon Well
50:59 Moon Well
» items
| Healing Salve | 5 | |
| Lesser Clarity Potion | 11 | |
| Scroll of Speed | 6 | |
| Circlet of Nobility | 2 | |
| Boots of Speed | 2 | |
| Dust of Appearance | 1 | |
| Orb of Lightning | 4 | |
| Tiny Great Hall | 1 | |
| Potion of Healing | 6 | |
| Scroll of Town Portal | 1 | |
| Potion of Mana | 3 | |
42 total
Chat log
(00:04 / All) kunt.roII: brb pizza
(00:13 / All) kunt.roII: wtf..
(00:15 / All) j8-: fuk ur pizza
(00:17 / All) MrFrosty: w8 4 pza
(00:24 / All) crO.cro: are you cooking it yourself
(00:26 / All) crO.cro: or delivery
(00:31 / All) MrFrosty: delivery
(00:37 / All) kunt.roII: gotta pay the boy
(00:39 / All) MrFrosty: he got a big dic
(01:03 / Allies) kunt.roII: vent??!!?
(01:12 / Allies) MrFrosty: i thought i was in
(01:39 / Allies) kunt.roII: what
(01:41 / Allies) MrFrosty: who knows
(01:44 / Allies) MrFrosty: i dont want to ask
(01:57 / Allies) kunt.roII: u dun think h e has sexy voice
(01:59 / Allies) kunt.roII: ??
(02:01 / Allies) MrFrosty: ugh....
(02:23 / Allies) MrFrosty: self
(02:25 / Allies) MrFrosty: publishing
(02:28 / Allies) MrFrosty: god i hate this guy
(02:31 / Allies) kunt.roII: haha
(03:10 / Allies) kunt.roII: nice base
(06:04 / All) j8-: dumb cunt
(06:06 / All) kunt.roII: SHIT!
(06:10 / All) MrFrosty: *kunt
(10:14 / Allies) kunt.roII: maybe get that now
(22:28 / All) j8-: fail much?
(22:30 / All) kunt.roII: ??
(22:36 / All) kunt.roII: worst map possible u still lose
(23:18 / All) j8-: lose?
(23:20 / All) j8-: lol u wish
(23:46 / All) j8-: we jst beat noobs last game n they did the same thing hahahaha
(23:52 / All) crO.cro: except invis mortar
(23:56 / All) j8-: hahahhaahah
(23:56 / All) kunt.roII: LOL
(24:02 / All) kunt.roII: so not the same thing @ all
(24:09 / All) crO.cro: tower and play like dicks
(24:10 / All) crO.cro: same thing
(24:16 / All) kunt.roII: lol u mad?
(24:19 / All) crO.cro: no
(24:19 / All) crO.cro: annoyed
(24:22 / All) kunt.roII: haha
(24:25 / All) kunt.roII: then we already won shitnoob
(24:30 / All) j8-: ROFL!!!
(24:33 / All) crO.cro: but it goes away after i win
(24:34 / All) crO.cro: so
(24:35 / All) crO.cro: dont care
(24:36 / All) j8-: funny
(24:40 / All) j8-: LOL
(24:56 / All) crO.cro: if i was mad you would win
(24:58 / All) crO.cro: but i am not so
(27:34 / All) kunt.roII: fail
(27:47 / All) crO.cro: some of us get tired and let it loose
(28:07 / All) crO.cro: i mean.. 5000 gold so doesnt matter
(28:10 / All) MrFrosty: oh
(28:11 / All) kunt.roII: dam
(28:13 / All) MrFrosty: ive got 6.6k
(28:14 / All) MrFrosty: sorry
(28:21 / All) kunt.roII: ive got 67 LOL
(28:22 / All) crO.cro: and blue has 5000
(28:22 / All) crO.cro: so
(28:24 / All) MrFrosty: and micro
(28:28 / All) MrFrosty: i tihnk that counts for something
(28:33 / All) crO.cro: microing a hero only
(28:35 / All) crO.cro: doesnt count for much
(28:48 / All) MrFrosty: apparantly it does when you beat armies in an open field
(29:00 / All) crO.cro: with towers helping ok
(29:04 / All) MrFrosty: open field
(29:06 / All) MrFrosty: nope sorry
(29:10 / All) MrFrosty: ps. towers dont move
(30:09 / All) MrFrosty: cant micro a hero
(30:10 / All) MrFrosty: nice
(30:32 / All) kunt.roII: -1000 gold
(30:41 / All) crO.cro: it was 600
(30:57 / All) MrFrosty: tps dont cost gold?
(32:14 / All) j8-: LMAO
(32:42 / All) j8-: owned
(32:46 / All) kunt.roII: dam
(40:32 / All) crO.cro: gg assholes
(40:38 / All) kunt.roII: ??
(45:24 / All) kunt.roII: TT
(45:38 / All) MrFrosty: 2 e z
(45:38 / All) kunt.roII: bye noobs
(45:58 / All) kunt.roII: dont worry
(46:08 / All) kunt.roII: it takes a special kind of noob to lose 12 mines vs 4
(46:11 / All) kunt.roII: and that kind of noob is u
(46:12 / All) MrFrosty: ps. you're even worse than your teammate, theres no point staying
(46:22 / All) MrFrosty: level 4 blade lol
(46:22 / All) j8-: try to kill our base now then ahahaha
(46:29 / All) kunt.roII: hahahah yeah thats gonna be really hard
(46:35 / All) MrFrosty: towers are ahrd to kill
(47:15 / All) kunt.roII: Nice det
(47:16 / All) MrFrosty: good idea coming back
(47:20 / All) MrFrosty: you're really awful btw
(47:24 / All) kunt.roII: look at this base
(47:26 / All) kunt.roII: all these towers
(47:27 / All) kunt.roII: so hard to kill
(47:29 / All) MrFrosty: whats the longest you've kept that blade alive?
(47:48 / All) kunt.roII: the longest he kept it alive was the longest period he could go without using it
(48:11 / All) kunt.roII: ps we just played noobs like you doing the same strat and they lost too
(48:16 / Allies) MrFrosty: hahaha
(48:19 / All) kunt.roII: cept they had some sort of micro
(50:10 / All) kunt.roII: OH SHIT
(50:50 / All) kunt.roII: nicejob
(50:53 / All) MrFrosty: good fight
(50:53 / All) kunt.roII: you cant even win @ ur own towers
(51:12 / All) MrFrosty: ps. you nearly got that shadow hunter thats got to count for something
(51:21 / All) kunt.roII: maybe if u had 1 more goldmine
(51:28 / All) MrFrosty: or some skills
(51:35 / All) kunt.roII: thats not an option
(53:24 / All) kunt.roII: gg
(53:39 / All) MrFrosty: nice base, it seems to be good at trapping your own units
(54:14 / All) MrFrosty: you're actually trying
(54:17 / All) MrFrosty: thats funny
(54:59 / All) kunt.roII: u hiding trees yet?
(58:15 / All) MrFrosty: sorry for your loss
(58:28 / All) j8-: lol its jst a game i dnt really care
(58:31 / All) MrFrosty: clearly
(59:36 / All) MrFrosty: 2 e z
(59:36 / All) kunt.roII: u still got 6k gold
(59:37 / Allies) kunt.roII: ? ??
(59:37 / All) MrFrosty: noobie
(59:39 / All) kunt.roII: ? ?
(59:40 / All) j8-: this game is funny lol